 Dungeon Sprint DCSS version 0.30-a0-1103-g25895a7845 (webtiles) character file.

Game seed: 3568393086408821580

1485 123456 the Fighter (level 8, -6/86 HPs)
             Began as a Minotaur Fighter on Apr 18, 2023.
             Was an Initiate of Gozag.
             Mangled by a fire elemental (7 damage)
             ... summoned by a deep elf pyromancer
             ... in the Dungeon (Sprint IX: "|||||||||||||||||||||||||||||").
             The game lasted 00:01:06 (447 turns).

123456 the Fighter (Minotaur Fighter)                Turns: 447, Time: 00:01:06

Health: -6/86      AC: 14    Str: 24    XL:     8   Next: 50%
Magic:  7/7        EV: 14    Int:  5    God:    Gozag
Gold:   369        SH:  0    Dex: 12    Spells: 7/7 levels left

rFire   . . .      SeeInvis .    n - +2 dire flail (heavy)
rCold   . . .      Faith    .    (shield currently unavailable)
rNeg    . . .      Spirit   .    c - +1 chain mail
rPois   .          Reflect  .    (helmet restricted)
rElec   .          Rampage  .    (no cloak)
rCorr   .          NoTele   +    a - +0 pair of gloves
Will    .....                    (no boots) Stlth
                                 (no amulet)
HPRegen 0.34/turn                o - +2 ring of evasion
MPRegen 0.10/turn                p - +3 ring of dexterity

@: gold aura
A: horns 2, retaliatory headbutt
a: Renounce Religion, Potion Petition, Call Merchant, Bribe Branch


You were in the Dungeon.
You worshipped Gozag.
Gozag was aware of your devotion.
You visited 1 branch You collected 369 gold pieces.

Inventory:

Hand Weapons
 n - a +2 heavy dire flail (weapon)
Armour
 a - a +0 pair of gloves (worn)
 c - a +1 chain mail (worn)
Jewellery
 o - a +2 ring of evasion (left hand)
 p - a +3 ring of dexterity (right hand)
Wands
 m - a wand of light (10)
Scrolls
 j - 2 scrolls of blinking
 l - 2 scrolls of amnesia
Potions
 d - a potion of might
 e - 5 potions of curing
 g - a potion of haste
 h - 4 potions of magic
 i - a potion of berserk rage
 k - a potion of invisibility


   Skills:
 * Level 13.6 Fighting
 * Level 13.3 Maces & Flails
 + Level 10.0 Armour
 + Level 8.5 Dodging
 - Level 3.6 Shields


You had 7 spell levels left.
You didn't know any spells.
Your spell library was empty.

Dungeon Overview and Level Annotations

Branches:
Dungeon (1/1)

Altars:
Cheibriados
Dithmenos
Elyvilon
Fedhas
Gozag
Hepliaklqana
Kikubaaqudgha
Makhleb
Nemelex Xobeh
Okawaru
Qazlal
Ru
Sif Muna
Trog
Uskayaw
Vehumet
Wu Jian
Xom
Yredelemnul
Zin
The Shining One
Jiyva
Lugonu


Innate Abilities, Weirdness & Mutations

You have a pair of horns on your head.
You reflexively headbutt those who attack you in melee.


Message History

Your Fighting skill increases to level 13!
Your Maces & Flails skill increases to level 13!
Your Armour skill increases to level 10!
Your Dodging skill increases to level 8!
You have reached level 8!
You feel stronger.
The deep elf pyromancer mumbles some strange words.
You closely miss the fire elemental.
The kobold demonologist is distracted by your dazzling golden aura.
The fire elemental closely misses you.
You closely miss the fire elemental.
The kobold demonologist shouts!
You headbutt the fire elemental.
The fire elemental is lightly damaged.
The fire elemental barely misses you. The eight-headed hydra bites you.
* * * LOW HITPOINT WARNING * * *
The eight-headed hydra bites you.
* * * LOW HITPOINT WARNING * * *
The eight-headed hydra bites you.
* * * LOW HITPOINT WARNING * * *
The eight-headed hydra bites you but does no damage. x2
The eight-headed hydra barely misses you.
The eight-headed hydra bites you but does no damage. x2
Unknown command.
You puncture the fire elemental!
The fire elemental is moderately damaged.
The kobold demonologist is no longer distracted by gold.
The fire elemental misses you.
The eight-headed hydra bites you but does no damage.
The eight-headed hydra barely misses you.
The eight-headed hydra bites you but does no damage.
The eight-headed hydra bites you!
* * * LOW HITPOINT WARNING * * *
The eight-headed hydra bites you but does no damage. x2
The eight-headed hydra bites you.
* * * LOW HITPOINT WARNING * * *
The eight-headed hydra bites you but does no damage.
The fire elemental hits you. The fire elemental burns you!
You die...
Your body crumbles into a pile of gold. ▓▓▓▓▓▓▓▓▓▓▓▓▓▓▓▓▓▓▓▓▓▓▓▓▓ .lK○○ETD@Ee.)'[...[.)..'_ ▓▓▓▓▓▓▓▓▓▓▓▓▓▓▓▓▓▓▓▓▓▓▓▓▓ $ $ $$$$$ $ $ $ $$$$$

You could see an eight-headed hydra, a komodo dragon, a deep elf pyromancer, a kobold demonologist, a troll and 2 fire elementals.

Vanquished Creatures
  A hydra (D)
  An unseen horror (D)
  A yak (D)
  A steam dragon (D)
  An orc warrior (D)
  A phantom (D)
  A kobold brigand (D)
  A howler monkey (D)
  A hound (D)
  2 worms (D)
  An orc (D)
  A goblin (D)
  A kobold (D)
  3 ball pythons (D)
17 creatures vanquished.

Notes
Turn   | Place    | Note
-------+----------+-------------------------------------------
     0 | D        | 123456 the Minotaur Fighter began the quest for the Orb.
     0 | D        | Reached XP level 1. HP: 19/19 MP: 0/0
     9 | D        | Reached skill level 1 in Dodging
    18 | D        | Noticed a phantom
    18 | D        | Noticed a hound
    23 | D        | Reached XP level 2. HP: 28/28 MP: 1/1
    33 | D        | Reached skill level 5 in Fighting
    33 | D        | Reached skill level 5 in Maces & Flails
    33 | D        | Reached XP level 3. HP: 26/37 MP: 2/2
    45 | D        | Killed a phantom
    46 | D        | Reached skill level 5 in Armour
    46 | D        | Reached XP level 4. HP: 26/47 MP: 3/3
   123 | D        | Found a snail-covered altar of Cheibriados.
   123 | D        | Found a shadowy altar of Dithmenos.
   123 | D        | Found a white marble altar of Elyvilon.
   123 | D        | Found a blossoming altar of Fedhas.
   123 | D        | Found an opulent altar of Gozag.
   124 | D        | Found a hazy altar of Hepliaklqana.
   125 | D        | Found a viscous altar of Jiyva.
   126 | D        | Found an ancient bone altar of Kikubaaqudgha.
   127 | D        | Found a corrupted altar of Lugonu.
   128 | D        | Found a burning altar of Makhleb.
   129 | D        | Found a sparkling altar of Nemelex Xobeh.
   130 | D        | Found an iron altar of Okawaru.
   131 | D        | Became a worshipper of Gozag Ym Sagoz the Greedy
   136 | D        | Found a stormy altar of Qazlal.
   137 | D        | Found a sacrificial altar of Ru.
   138 | D        | Found a shimmering blue altar of Sif Muna.
   139 | D        | Found a bloodstained altar of Trog.
   140 | D        | Found a hide-covered altar of Uskayaw.
   141 | D        | Found a radiant altar of Vehumet.
   142 | D        | Found an ornate altar of the Wu Jian Council.
   143 | D        | Found a shimmering altar of Xom.
   144 | D        | Found a basalt altar of Yredelemnul.
   145 | D        | Found a glowing silver altar of Zin.
   146 | D        | Found a glowing golden altar of the Shining One.
   201 | D        | Noticed a steam dragon
   201 | D        | Noticed a kobold brigand
   201 | D        | Noticed an orc warrior
   201 | D        | Noticed a yak
   207 | D        | Killed an unseen horror
   208 | D        | Reached skill level 10 in Fighting
   208 | D        | Reached skill level 10 in Maces & Flails
   208 | D        | Reached XP level 5. HP: 10/59 MP: 4/4
   208 | D        | Reached XP level 6. HP: 11/67 MP: 5/5
   216 | D        | Killed a yak
   217 | D        | Reached XP level 7. HP: 25/74 MP: 6/6
   225 | D        | Killed a steam dragon
   434 | D        | Noticed a komodo dragon
   434 | D        | Noticed an eight-headed hydra
   434 | D        | Noticed a kobold demonologist
   434 | D        | Noticed a deep elf pyromancer
   434 | D        | Noticed a troll
   434 | D        | Noticed an eight-headed hydra
   437 | D        | Noticed a fire elemental
   441 | D        | HP: 3/78 [eight-headed hydra (7)]
   443 | D        | Killed an eight-headed hydra
   444 | D        | Reached skill level 10 in Armour
   444 | D        | Reached XP level 8. HP: 24/86 MP: 7/7
   447 | D        | HP: 1/86 [eight-headed hydra (5)]
   447 | D        | Mangled by a fire elemental

Illustrated notes

Levels and vault maps discovered:
D:        linesprint [early_d, line_temple, items_1, d_10, items_2, lair_1,
          lair_end, items_3, orc_1, orc_end, items_4, d_15, swamp_1, shoals_1,
          snake_1, spider_1, d_20, vaults_1, items_5, swamp_end, shoals_end,
          snake_end, spider_end, vaults_end, d_27, items_6, zot_1, zot_end,
          crypt_end, forest_end, elf_end, slime_end, tomb_end, abyss_end,
          pan_hell_end]

Skill      XL: |  1  2  3  4  5  6  7 |
---------------+----------------------+-----
Fighting       | 4 5 7 10 11 13 | 13.6
Maces & Flails | 3 5 7 10 13 | 13.3
Dodging        | 1 2 3 6 8 |  8.5
Armour         | 4 5 7 8 10 | 10.0
Shields        | |  3.6

Action                     |  1- 3 |  4- 6 |  7- 9 || total
---------------------------+-------+-------+-------++-------
  Melee: Flail             |    32 |     1 |       ||    33
         Headbutt          |     1 |     4 |     5 ||    10
         Dire flail        |       |    14 |    18 ||    32
    Use: Potion            |       |     1 |     2 ||     3
 Armour: Scale mail        |    12 |       |       ||    12
         Chain mail        |       |     9 |    30 ||    39
  Dodge: Dodged            |    13 |     2 |    33 ||    48
  Block: Buckler           |     3 |       |       ||     3

Table legend: (Time is in decaauts)
 A = Elapsed time spent in this place.
 B = Non-inter-level travel time spent in this place.
 C = Inter-level travel time spent in this place.
 D = Time resting spent in this place.
 E = Time spent auto-exploring this place.
 F = Levels seen in this place.
 G = Mean time per level.
                   A        B        C        D        E       F      G
               +--------+--------+--------+--------+--------+-----+--------+
         Total |    458 |    458 |      0 |    264 |     18 |   1 |  458.0 |
       Dungeon |    458 |    458 |      0 |    264 |     18 |   1 |  458.0 |
               +--------+--------+--------+--------+--------+-----+--------+

Top non-repeatable levels by time:
       D: 458 daAuts
